woodfighter, chaotic female orcish Cavewoman ----------- |..*......| --------------- |[.........########--------------- |.............| ------- #.......*..| #-.............| |.............| |%.}}*| #-.--.------ |(............+ |..............# )#-.}}}}| ####### ##..............| ------|--------# # |...}}| # ### # -.-----------+- ## # ### ------- # ### ### # ##### # # # # ### # # d # # # ### ### ### @ # # -----# ########################################QQQ######### # |....# #-|---# ### # ##---|--# |...| #|...|######## # ##+....|[ |...| #|...+# -.---.- ------+- ##|....|# |...| #|{<.| |......############# |.......######|.....# |....######----- |.....| ###.......| # #...>.| ----- |......#####` ###|...[..-### |....| |....(| #.......| ------ ------- -------- woodfighter the Cave Woman Experience level: 10 Strength: 18/01 Dexterity: 16 Constitution: 18 Intelligence: 12 Wisdom: 8 Charisma: 6 Health: 0(92) Energy: 31(31) Def: 13 Gold: 222 Moves: 12710 Dungeon seed: 1eA1MYQJ5oM_sms_ Game ID: woodfighter_1499367039 Your Inventory: Coins $ - 222 gold pieces Amulets M - an uncursed amulet of reflection (being worn) Weapons a - a +1 club (weapon in hand) b - a +2 sling w - the +0 Vorpal Blade Armor k - an uncursed +0 cloak of displacement (being worn) B - a blessed thoroughly rusty +0 pair of iron shoes (being worn) F - an uncursed +0 Hawaiian shirt (being worn) N - an uncursed +0 pair of leather gloves (being worn) S - an uncursed +0 elven shield (being worn) X - a blessed +0 dwarvish mithril-coat (being worn) Y - an uncursed +0 dwarvish iron helm (being worn) Comestibles j - an uncursed eucalyptus leaf z - 6 uncursed food rations Q - an uncursed tripe ration T - an uncursed sprig of wolfsbane Scrolls R - an uncursed scroll of enchant weapon Rings p - an uncursed ring of free action (on right hand) W - an uncursed ring of searching (on left hand) Wands c - a blessed wand of digging (0:3) O - a wand of light (0:15) P - a wand of teleportation (0:1) Tools n - an uncursed towel q - a +0 unicorn horn s - a blessed bag of holding u - an uncursed brass lantern (0:1496) y - an uncursed skeleton key Gems e - 7 uncursed flints (in quiver) f - an uncursed luckstone Contents of the bag of holding: 4164 gold pieces a [uncursed] [+0] elven spear a [uncursed] [+0] dwarvish cloak an uncursed +0 mummy wrapping an uncursed cram ration 5 uncursed food rations 2 uncursed tripe rations a blessed scroll of blank paper a [uncursed] scroll of fire 2 uncursed scrolls of identify an uncursed scroll of scare monster a [uncursed] spellbook of wizard lock 2 [uncursed] potions of acid a cursed potion of enlightenment a [blessed] potion of fruit juice an uncursed potion of healing 2 potions of holy water an uncursed potion of monster detection an uncursed potion of oil a [uncursed] potion of restore ability an uncursed potion of see invisible a [uncursed] potion of sickness a [cursed] ring of aggravate monster an uncursed rusty [+0] pick-axe an uncursed [+0] unicorn horn a [uncursed] [+0] unicorn horn Spells and supernatural/magical abilities: Name Level Category Fail Memory S - stone to flesh 3 healing 100% 90% W - pray for help -- divine ? -- Your skills at the end: Miscellaneous Skills bare handed combat [Basic] shield [Skilled] Weapon Skills scimitar [Basic] club [Skilled] sling [Basic] Spellcasting Skills Final Attributes: You were piously aligned. You were cold resistant. You were poison resistant. Your writing hand was ok. You saw invisible. You had automatic searching. You had infravision. You were invisible to others. You were displaced. You were somewhat stealthy. You were fast. You had reflection. You had free action. You were very lucky. You had extra luck. Bad luck did not time out for you. Good luck did not time out for you. You are dead. Vanquished creatures: 2 ghosts 2 giant mimics a large mimic a long worm 2 stalkers a black naga a giant zombie a winter wolf a small mimic a warhorse 2 shocking spheres a tiger a gargoyle a Grey-elf a wraith a giant beetle 5 wolves a winter wolf cub 2 black lights a leprechaun a spotted jelly a horse an ice vortex 3 gnome kings a dwarf mummy 2 owlbears 2 piranhas a dingo a housecat 2 dwarf lords a blue jelly 3 water nymphs 2 white unicorns a gray unicorn a raven a plains centaur 4 gnome mummies 2 Woodland-elves an ape 4 human zombies 3 soldier ants a fire ant 7 bugbears 3 wood nymphs 3 rock moles 3 rock piercers 3 fog clouds 3 violet fungi 20 gnome lords 8 gnomish wizards a kobold mummy a golden naga hatchling 4 gray oozes a ghoul 2 paper golems a giant ant 4 floating eyes a kitten 20 dwarves 2 homunculi 3 kobold lords a kobold shaman 3 iguanas 11 hill orcs 8 rothes a centipede 4 jitterbugs 2 giant bats 10 monkeys 2 dwarf zombies 2 werejackals 9 killer bees 7 coyotes a gas spore 11 hobbits 4 acid blobs 4 large kobolds 6 geckos 7 hobgoblins 7 giant rats 12 cave spiders 5 brown molds 5 yellow molds 5 green molds 5 red molds 72 gnomes 21 garter snakes 2 gnome zombies 28 jackals a fox 6 kobolds 8 newts 2 goblins 2 sewer rats 11 grid bugs 7 bats 4 lichens 3 kobold zombies 457 creatures vanquished. Voluntary challenges: You did not cause conflict. You had been an atheist until turn 3017. You used a wielded weapon 679 times, starting on turn 40. You did not use plumbed fixtures. You read items or engraved 7 times, starting on turn 3015. You never genocided any monsters. You never polymorphed an object. You never changed form. You cheated 1 time but completed Sokoban on turn 5148. You used no wishes. You never split a pudding. You never wrote Elbereth's name. You violated your moral code, losing 3 points of alignment, starting on turn 7515. Dungeon overview: The Dungeons of Doom: levels 1 to 13 Level 1 a sink a long staircase Level 2 Level 3 a general store, a fountain Level 4 a general store stairs to The Gnomish Mines Level 5 a fountain, a sink Level 6 many fountains Level 7 some fountains stairs to Sokoban Level 8 Level 9 a temple to Anshar, a fountain Level 10 a fountain Level 11 some fountains Level 12 <- You were here a fountain Level 13 (quest) a sink The Gnomish Mines: levels 5 to 13 Level 5 stairs to The Dungeons of Doom Level 6 Level 7 some shops, a temple to Ishtar, a magic chest, some fountains, a sink Level 8 Level 9 Level 10 Level 11 Level 12 Level 13 a magic chest, a fountain Sokoban: levels 3 to 6 Level 3 a magic chest Level 4 a delicatessen, a magic chest Level 5 Level 6 an altar to Anshar, a magic chest stairs to The Dungeons of Doom History has recorded: On T:1 you entered the Dungeons of Doom to retrieve the Amulet of Yendor! On T:24 you reached level 2 of The Dungeons of Doom. On T:445 you reached level 3 of The Dungeons of Doom. On T:608 you advanced to experience level 2. On T:912 you reached level 4 of The Dungeons of Doom. On T:1161 you reached level 1 of The Gnomish Mines. On T:1222 you advanced to experience level 3. On T:1303 you reached level 5 of The Dungeons of Doom. On T:1565 you reached level 6 of The Dungeons of Doom. On T:1604 you advanced to experience level 4. On T:2093 you advanced to experience level 5. On T:2408 you reached level 7 of The Dungeons of Doom. On T:2495 you reached level 8 of The Dungeons of Doom. On T:2601 you reached level 4 of Sokoban. On T:2996 you reached level 3 of Sokoban. On T:3013 you opened a magic chest. On T:3371 you advanced to experience level 6. On T:3497 you reached level 2 of Sokoban. On T:3969 you advanced to experience level 7. On T:4262 you reached level 1 of Sokoban. On T:5148 you entered the Sokoban zoo. On T:5705 you reached level 2 of The Gnomish Mines. On T:5780 you reached level 3 of The Gnomish Mines. On T:5792 you reached level 4 of The Gnomish Mines. On T:5874 you advanced to experience level 8. On T:6111 you entered the Minetown temple On T:6788 you reached level 5 of The Gnomish Mines. On T:6971 you prayed to Anshar. On T:7343 you reached level 6 of The Gnomish Mines. On T:7718 you advanced to experience level 9. On T:7845 you reached level 7 of The Gnomish Mines. On T:8150 you reached level 8 of The Gnomish Mines. On T:8464 you reached level 9 of The Gnomish Mines. On T:8464 you reached the bottom of the Mines. On T:10116 you advanced to experience level 10. On T:10593 you prayed to Anshar. On T:11096 you reached level 9 of The Dungeons of Doom. On T:11387 you reached level 10 of The Dungeons of Doom. On T:11776 you reached level 11 of The Dungeons of Doom. On T:12173 you reached level 12 of The Dungeons of Doom. On T:12637 you reached level 13 of The Dungeons of Doom. Score breakdown: Gold: 4386 ( 438 points) Experience: 10 levels ( 900 points) Exploration: 13 levels ( 360 points) Discoveries: 58 items ( 2000 points) Variety of kills: 98 monsters ( 2000 points) Major goal: Sokoban/Mines ( 1500 points) Survival: died (score multiplied by 3) Total score: 21594 Latest messages: This door is locked. You succeed in unlocking the door. The door opens. You stop exploring. You hit the elf-lord! The elf-lord wields a runed broadsword! The elf-lord swings his runed broadsword at you. The elf-lord hacks you! The elf-lord punches you! (2x) You hit the elf-lord! The elf-lord swings his runed broadsword at you. The elf-lord just misses! The elf-lord swings his runed broadsword at you. The elf-lord slashes you! The elf-lord punches you! The elf-lord just misses! You hit the elf-lord! The elf-lord swings his runed broadsword at you. The elf-lord slashes you! The elf-lord swings his runed broadsword at you. The elf-lord hacks you! The elf-lord misses. (2x) You stop. Doggy is in the way! The elf-lord swings his runed broadsword at you. The elf-lord slashes you! You die... Final status: Goodbye woodfighter the Cavewoman, killed by an elf-lord... You died in The Dungeons of Doom on dungeon level 12 with 21594 points, and 4386 pieces of gold, after 12710 moves. You were level 10 with a maximum of 92 hit points when you died.